Map: Catalyst LE

Players

Dessa - Winner!

  • Race: Zerg Zerg
  • League: Diamond
  • Spawn Location: 5:00

Fefer

  • Race: Terran Terran
  • League: Diamond
  • Spawn Location: 11:00

VOD

Have the link to the VOD?

Description

Time

  • Played on: Jan. 1, 2018, 2:18 p.m.
  • Length: 15:35
Show
View Real Time Build Order
Export as new Build Order

Dessa Zerg - Winner!

Build Orders: Hatch First 

Get SALT Encoding   

  12  0:01  Drone  
  13  0:13  Overlord  
  13  0:17  Drone  
  14  0:31  Drone x2  
  17  0:35  Drone  
  17  0:57  Hatchery  
  17  0:58  Drone  
  17  1:02  Extractor  
  17  1:03  Drone  
  17  1:15  Spawning Pool  
  17  1:17  Drone  
  17  1:20  Drone  
  18  1:31  Drone  
  19  1:39  Overlord  
  19  1:51  Drone  
  20  2:01  Queen  
  20  2:02  Metabolic Boost  
  20  2:07  Zergling x2  
  23  2:08  Queen  
  23  2:11  Drone  
  23  2:13  Drone  
  27  2:20  Drone  
  28  2:25  Drone  
  29  2:30  Overlord  
  29  2:37  Queen  
  29  2:42  Drone  
  32  2:44  Drone  
  32  2:47  Overlord  
  33  2:52  Drone  
  33  2:55  Baneling Nest, Extractor  
  33  2:57  Drone  
  33  3:03  Drone  
  34  3:09  Spine Crawler  
  33  3:23  Zergling x10  
  33  3:26  Drone x3  
  41  3:32  Drone  
  42  3:35  Lair  
  42  3:36  Drone  
  43  3:47  Baneling x4  
  43  4:01  Drone x3  
  46  4:03  Drone, Hatchery  
  46  4:05  Zergling x4  
  48  4:14  Evolution Chamber x2  
  48  4:15  Drone  
  48  4:16  Drone  
  48  4:23  Queen  
  48  4:58  Zergling x6  
  50  5:00  Zerg Melee Weapons Level 1  
  50  5:01  Zerg Ground Armor Level 1  
  50  5:07  Drone  
  51  5:10  Overlord x2  
  51  5:11  Hydralisk Den  
  51  5:14  Pneumatized Carapace  
  50  5:21  Spore Crawler  
  50  5:22  Spore Crawler  
  48  5:30  Spore Crawler  
  48  5:31  Queen  
  48  5:32  Spore Crawler  
  48  5:38  Drone x4  
  48  5:40  Hydralisk  
  48  5:41  Hydralisk x3  
  48  5:42  Zergling x4  
  62  5:43  Zergling x2  
  63  6:11  Spore Crawler  
  62  6:12  Spore Crawler  
  62  6:16  Drone x4  
  65  6:20  Drone x3  
  65  6:21  Drone x3  
  65  6:22  Drone, Extractor  
  65  6:23  Extractor  
  70  6:25  Overlord  
  70  6:38  Drone x3  
  70  6:39  Overlord  
  73  6:50  Drone  
  73  6:51  Roach Warren  
  73  6:53  Hydralisk x4  
  81  7:01  Drone x3  
  84  7:02  Zergling x8  
  84  7:04  Baneling  
  84  7:05  Baneling x2  
  88  7:10  Overlord  
  88  7:18  Zerg Missile Weapons Level 1  
  88  7:21  Zergling x2  
  89  7:24  Baneling x5  
  89  7:30  Drone  
  89  7:31  Drone x2  
  92  7:39  Drone x3  
  92  7:40  Drone x2  
  97  7:54  Baneling x7  
  97  7:55  Baneling  
  97  7:58  Drone, Extractor  
  97  7:59  Overlord  
  97  8:00  Extractor  
  96  8:26  Hatchery  
  95  8:28  Overlord  
  95  8:29  Drone x3  
  95  8:30  Drone x3  
  95  8:31  Drone x4  
  95  8:33  Overlord  
  105  8:41  Extractor  
  104  8:42  Overlord  
  104  8:48  Infestation Pit  
  103  9:01  Overlord  
  103  9:03  Glial Reconstitution  
  103  9:17  Overlord x2  
  103  9:30  Overlord  
  103  9:44  Hydralisk  
  103  9:45  Zergling x12  
  109  9:46  Zergling x26  
  109  9:47  Zergling x2, Queen  
  109  9:50  Overlord  
  127  10:03  Centrifical Hooks  
  127  10:06  Overlord  
  127  10:10  Hive  
  127  10:14  Drone x3  
  127  10:15  Drone x3  
  127  10:16  Drone  
  127  10:17  Drone x3  
  127  10:18  Drone  
  127  10:19  Zerg Ground Armor Level 2, Zerg Missile Weapons Level 2  
  138  10:22  Baneling x6  
  138  10:23  Baneling x8  
  138  10:24  Baneling x3, Hydralisk x4  
  138  10:26  Hydralisk x2  
  150  10:31  Overlord  
  150  10:34  Muscular Augments  
  150  10:54  Overlord  
  150  11:08  Hydralisk  
  150  11:09  Hydralisk x6  
  158  11:23  Ultralisk Cavern  
  158  11:24  Drone  
  158  11:26  Baneling x2  
  158  11:27  Zergling x2  
  159  11:45  Spine Crawler x2  
  159  11:46  Spine Crawler x2, Drone x2  
  159  11:47  Drone x2  
  138  12:15  Zergling x20  
  129  12:16  Zergling x6  
  137  12:28  Zergling x2  
  137  12:29  Zergling x32  
  154  12:36  Baneling  
  154  12:37  Baneling x7  
  154  12:42  Chitinous Plating  
  154  12:43  Ultralisk x2  
  166  12:52  Baneling x4  
  166  12:53  Baneling x6  
  166  12:54  Zerg Missile Weapons Level 3  
  166  12:55  Zerg Ground Armor Level 3  
  166  13:02  Drone  
  167  13:10  Extractor  
  167  13:12  Hatchery  
  165  13:13  Adrenal Glands  
  165  13:15  Extractor  
  164  13:21  Extractor  
  164  13:22  Zergling x8  
  164  13:24  Overlord x4  
  116  14:11  Ultralisk x4  
  137  14:20  Ultralisk x2, Zergling x6  
  137  14:21  Ultralisk  
  137  14:23  Ultralisk x4  
  137  14:24  Ultralisk x2  
  194  14:25  Zergling x6  
  197  14:37  Overseer  
  197  14:44  Baneling x4  
  197  14:53  Queen  
Show
View Real Time Build Order
Export as new Build Order

Fefer Terran 

Build Orders: Mech 

Get SALT Encoding   

  12  0:18  SCV  
  13  0:23  Refinery  
  13  0:30  SCV  
  14  0:36  Supply Depot  
  14  0:43  SCV  
  15  0:58  SCV  
  16  1:07  Barracks  
  16  1:10  SCV  
  17  1:22  SCV  
  18  1:40  SCV, Command Center  
  19  1:56  Supply Depot  
  19  2:02  Barracks Reactor  
  19  2:18  SCV  
  19  2:20  Factory  
  20  2:26  Factory  
  20  2:39  Marine x2  
  22  2:46  Refinery  
  22  2:50  Orbital Command  
  21  3:14  Hellion x2  
  21  3:16  Factory Tech Lab  
  25  3:24  SCV  
  26  3:36  SCV  
  26  3:38  Starport  
  26  3:39  Hellion  
  29  3:43  Hellion  
  31  3:51  Orbital Command  
  31  3:54  SCV  
  32  4:00  Liberator  
  32  4:03  Siege Tank  
  35  4:23  Hellion x2  
  42  4:27  SCV  
  35  5:05  SCV, Armory  
  35  5:06  SCV  
  37  5:10  Hellion  
  37  5:11  Hellion, Siege Tank  
  44  5:17  Refinery  
  44  5:18  SCV x2  
  46  5:24  Supply Depot  
  46  5:31  Supply Depot  
  46  5:46  Hellion x2  
  47  6:09  Hellbat  
  47  6:10  Infernal Pre-Igniter, Hellbat x2  
  53  6:13  Terran Vehicle Weapons Level 1  
  53  6:15  Armory  
  53  6:18  SCV x2, Engineering Bay  
  55  6:30  SCV x2  
  55  6:31  Factory  
  57  6:34  Starport Tech Lab  
  57  6:43  SCV x2  
  59  6:48  Siege Tank  
  62  7:00  Supply Depot  
  62  7:03  Supply Depot  
  62  7:21  SCV x2, Viking, Siege Tank  
  69  7:23  Supply Depot  
  69  7:24  Hellbat  
  69  7:25  Supply Depot  
  69  7:28  Refinery  
  71  7:33  SCV x2  
  71  7:36  Factory Tech Lab, Sensor Tower  
  73  7:45  SCV x2  
  73  7:46  Supply Depot  
  75  7:53  Command Center, Terran Vehicle And Ship Armor Level 1  
  75  7:58  SCV x2  
  77  8:13  Raven  
  77  8:19  Hellion, Hellbat  
  85  8:20  Hellbat  
  85  8:21  Thor  
  91  8:47  Factory  
  91  8:48  Factory  
  91  8:49  SCV x2  
  91  8:52  Hellion  
  91  8:53  Hellion, Hellbat  
  99  9:01  SCV x2  
  101  9:05  Hellbat  
  101  9:09  Corvid Reactor  
  103  9:14  Siege Tank  
  104  9:36  Siege Tank  
  104  9:38  Factory Tech Lab, Factory Reactor  
  107  9:40  Sensor Tower  
  107  9:59  Thor  
  107  10:05  Hellbat x2  
  117  10:20  Hellion x7  
  117  10:26  Orbital Command  
  117  11:00  Refinery  
  117  11:07  SCV x2, Hellbat x2  
  117  11:08  Hellbat  
  117  11:09  Hellbat  
  117  11:10  SCV  
  117  11:11  Cyclone  
  117  11:23  Refinery, Missile Turret  
  117  11:26  Missile Turret  
  117  11:27  Starport, Missile Turret  
  117  11:30  Missile Turret  
  117  11:36  Sensor Tower  
  117  11:40  Supply Depot x3  
  117  11:42  Supply Depot  
  117  11:56  SCV  
  117  12:01  SCV x2, Cyclone x2, Siege Tank x2  
  117  12:02  Cyclone x2  
  117  12:04  Thor  
  117  12:05  Starport  
  117  12:08  SCV  
  129  12:13  SCV  
  96  12:20  SCV  
  86  12:25  SCV  
  83  12:33  Siege Tank  
  83  12:34  Hellbat  
  83  12:35  Hellbat  
  90  12:47  Siege Tank  
  93  12:52  Starport Reactor x2  
  93  13:02  Command Center  
  93  13:06  Command Center  
  93  13:08  Siege Tank  
  96  13:20  Viking  
  98  13:49  Siege Tank x3  
  55  14:17  Cyclone  
  55  14:18  Hellion x2, Cyclone  
  55  14:21  Hellion x2, Cyclone  
Tags
 
Composition
Mech
Matchup
TvZ
Replay Pack
2017S4
Spawn Locations
Cross Positions
Add a new tag
Caveats
  • Supply blocks, unpowered buildings, or Contaminate may cause inaccurate times.
  • Supply counts are checked every 10 seconds.